Map: Frozen Temple

Players

Miszu - Winner!

  • Race: Terran Terran
  • League: Master

JoNesbo

  • Race: Terran Terran
  • League: Master

VOD

Have the link to the VOD?

Description

Time

  • Played on: March 29, 2016, 4:13 p.m.
  • Length: 4:24
Show
View Real Time Build Order
Export as new Build Order

Miszu Terran - Winner!

Build Orders:  

Get SALT Encoding   

  12  0:01  SCV  
  13  0:13  SCV  
  14  0:18  Supply Depot  
  14  0:25  SCV  
  15  0:39  SCV  
  15  0:41  Barracks  
  16  0:44  Refinery  
  16  0:51  SCV  
  17  1:01  Barracks  
  17  1:04  SCV  
  18  1:16  SCV  
  19  1:21  Barracks  
  19  1:28  SCV  
  19  1:32  Reaper  
  21  1:37  Refinery  
  21  1:44  Supply Depot  
  21  1:48  Reaper  
  22  2:03  Orbital Command  
  22  2:07  Reaper  
  23  2:11  Reaper  
  24  2:21  Reaper  
  25  2:27  Supply Depot  
  25  2:29  SCV  
  26  2:39  Reaper  
  26  2:41  SCV  
  26  2:43  Reaper  
  29  2:49  Supply Depot  
  29  2:53  SCV  
  29  2:55  Reaper  
  31  3:11  Reaper  
  31  3:12  SCV  
  32  3:15  Reaper  
  33  3:24  SCV  
  35  3:27  Reaper  
  34  3:36  SCV  
  34  3:43  Reaper  
  34  3:47  Reaper  
  34  3:48  SCV  
  37  3:53  Command Center  
  37  4:00  SCV  
  38  4:12  SCV  
Show
View Real Time Build Order
Export as new Build Order

JoNesbo Terran 

Build Orders: Reaper Expand 

Get SALT Encoding   

  12  0:00  SCV  
  13  0:13  SCV  
  14  0:17  Supply Depot  
  14  0:25  SCV  
  15  0:39  SCV  
  15  0:41  Barracks  
  16  0:45  Refinery  
  16  0:51  SCV  
  17  1:03  SCV  
  18  1:15  SCV  
  19  1:28  Reaper  
  19  1:29  Orbital Command  
  20  1:39  Command Center  
  20  1:46  Supply Depot  
  20  1:54  SCV  
  20  2:00  Marine  
  22  2:05  Factory  
  22  2:07  SCV  
  23  2:14  Refinery  
  23  2:18  Marine  
  23  2:19  SCV  
  25  2:31  SCV  
  25  2:36  Marine  
  27  2:50  Starport, Hellion  
  29  2:52  Orbital Command  
  29  2:53  Marine  
  29  2:55  SCV  
  31  3:11  Marine, Hellion, SCV  
  27  3:32  Hellion  
  27  3:33  Marine  
  25  3:40  SCV  
  25  3:47  Viking  
  25  3:48  SCV  
  26  3:54  Hellion  
Tags
 
Add a new tag
Caveats
  • Supply blocks, unpowered buildings, or Contaminate may cause inaccurate times.
  • Supply counts are checked every 10 seconds.